 Dungeon Crawl Stone Soup version 0.17-a0-1510-gb3fb22e (webtiles) character file.

121 urechis the Sneak (level 5, -3/32 HPs)
             Began as a Kobold Berserker on July 11, 2015.
             Was a Believer of Trog.
             Killed from afar by an orc wizard (8 damage)
             ... with a magic dart
             ... on level 3 of the Dungeon.
             The game lasted 00:04:03 (1734 turns).

urechis the Sneak (Kobold Berserker)                Turns: 1734, Time: 00:04:03

Health: -3/32      AC:  3    Str: 16    XL:     5   Next: 26%
Magic:  5/5        EV: 15    Int:  5    God:    Trog [**....]
Gold:   46         SH:  0    Dex: 16    Spells: 0 memorised, 4 levels left

rFire  + . .     SeeInvis .     m - +2 dagger (flame)
rCold  x . .     Clarity  .     l - +0 leather armour
rNeg   . . .     SustAt   .     (shield restricted)
rPois  .         Gourm    .     (no helmet)
rElec  .         Spirit   .     (no cloak)
rCorr  .         Warding  .     (no gloves)
rMut   .         Stasis   .     (no boots)
MR     ++...                    (no amulet)
Stlth  ++++......               (no ring)
                                p - ring of fire

@: exhausted, regenerating, slowed, very slow, very resistant to hostile
enchantments, stealthy
A: carnivore 3
a: Burn Spellbooks, Berserk, Trog's Hand, Renounce Religion


You were on level 3 of the Dungeon.
You worshipped Trog.
Trog was pleased with you.
You were full.

You visited 1 branch of the dungeon, and saw 3 of its levels.

You collected 46 gold pieces.

Inventory:

Hand weapons
 m - a +2 dagger of flaming (weapon)
Missiles
 h - 11 poisoned needles
Armour
 l - a +0 leather armour (worn)
Jewellery
 p - a ring of fire (left hand)
Scrolls
 d - 3 scrolls of identify {unknown}
 e - 2 scrolls of amnesia {unknown}
 g - a scroll of enchant armour {unknown}
 i - 2 scrolls of remove curse {unknown}
 n - a scroll of magic mapping {unknown}
 q - a scroll of noise {unknown}
 r - a scroll of fear {unknown}
Potions
 b - a potion of lignification {unknown}
 j - a potion of ambrosia {unknown}
 k - 2 potions of cure mutation {unknown}
 o - a potion of curing {unknown}
Comestibles
 a - a royal jelly
 c - 3 meat rations
 f - a slice of pizza


   Skills:
 - Level 3.2 Fighting
 - Level 4.0 Short Blades
 - Level 1.5 Armour
 - Level 2.4 Dodging
 + Level 6.5 Stealth


You had 4 spell levels left.
You didn't know any spells.

Dungeon Overview and Level Annotations

Branches:
Dungeon (3/15)

Altars:


Innate Abilities, Weirdness & Mutations

You are small and have problems with some larger weapons.
You are carnivorous and can eat meat at any time.


Message History

You feel less resistant to hostile enchantments.
The orc wizard hits you but does no damage.
The orc wizard barely misses you.
Use which ability? (? or * to list)
Your skin crawls.
You feel resistant to hostile enchantments.
You feel slightly less full. The orc wizard closely misses you.
The orc wizard hits you with a dagger.
* * * LOW HITPOINT WARNING * * *
You hit the orc wizard but do no damage.
The orc wizard is severely wounded.
The orc wizard hits you but does no damage.
The orc wizard gestures at you while chanting.
The magic dart hits you!
* * * LOW HITPOINT WARNING * * *
Your leather armour prevents you from hitting the orc wizard.
The orc wizard is severely wounded.
The orc wizard casts a spell at you. The magic dart hits you!
You die...

#..######
#......<# ##
#.#####.# .. #.#
##[ #.# .. #.#
.#
.#####)####.#.#
......$.o@.....#
#######.......>#
##########


You could see an orc wizard.

Vanquished Creatures
  An orc wizard (D:3)
  3 adders
  3 oozes
  3 worms (D:2)
  A giant gecko (D:2)
  An orc (D:3)
  6 hobgoblins
  3 jackals (D:1)
  6 bats
  2 giant cockroaches
  5 goblins
  5 kobolds
  6 rats
45 creatures vanquished.

Notes
Turn   | Place    | Note
--------------------------------------------------------------
     0 | D:1      | urechis the Kobold Berserker began the quest for the Orb.
     0 | D:1      | Reached XP level 1. HP: 14/14 MP: 1/1
    44 | D:1      | Reached skill level 1 in Stealth
    49 | D:1      | Reached XP level 2. HP: 9/19 MP: 2/2
   396 | D:1      | Reached XP level 3. HP: 8/23 MP: 3/3
   712 | D:1      | Acquired Trog's second power
  1094 | D:2      | Reached XP level 4. HP: 19/28 MP: 4/4
  1158 | D:2      | Reached skill level 5 in Stealth
  1704 | D:3      | Reached skill level 6 in Stealth
  1704 | D:3      | Reached XP level 5. HP: 32/32 MP: 5/5
  1734 | D:3      | Killed from afar by an orc wizard

Vault maps used:
D:1:      lemuel_arrival_tunnels
D:3:      lemuel_crystal_altar, first_bread

Action                   |  1- 3 |  4- 6 || total
-------------------------+-------+-------++-------
Melee: Short sword       |   104 |       ||   104
       Dagger            |     1 |    82 ||    83
Invok: Berserk           |     1 |     3 ||     4
       Trog's Hand       |       |     2 ||     2
 Stab: Sleeping          |     3 |     4 ||     7
       Distracted        |     1 |       ||     1
  Eat: Chunk             |     8 |     3 ||    11
